 Dungeon Crawl Stone Soup version 0.32-a0-39-g5c88369fb2 (webtiles) character file.

Game seed: 1973724864847150484

4902 Gynju the Severer (level 10, -6/83 HPs)
             Began as a Minotaur Fighter on Jan 29, 2024.
             Was an Elder of Okawaru.
             Killed from afar by an orc wizard (7 damage)
             ... with a magic dart
             ... on level 9 of the Dungeon.
             The game lasted 00:08:33 (7627 turns).

Gynju the Severer (Minotaur Fighter)                Turns: 7627, Time: 00:08:34

Health: -6/83      AC: 16    Str: 25    XL:     10   Next: 27%
Magic:  10/10      EV:  6    Int:  5    God:    Okawaru [****..]
Gold:   592        SH:  9    Dex: 10    Spells: 9/9 levels left

rFire   . . .        a - +0 war axe
rCold   . . .        u - +0 kite shield
rNeg    . . .        C - +0 plate armour
rPois   .            (helmet restricted)
rElec   .            g - +0 cloak
rCorr   .            c - +0 pair of gloves
SInv    .            l - +0 pair of boots
Will    .....        (no amulet) Stlth
                     (no ring)
HPRegen 0.33/turn    (no ring)
MPRegen 0.12/turn

%: no passive effects
@: no status effects
A: horns 2, retaliatory headbutt
a: Renounce Religion, Heroism, Finesse


You were on level 9 of the Dungeon.
You worshipped Okawaru.
Okawaru was greatly pleased with you.
You visited 2 branches of the dungeon, and saw 10 of its levels.
You also visited: Sewer.

You collected 592 gold pieces.

Inventory:

Hand Weapons
 a - a +0 war axe (weapon)
Armour
 c - a +0 pair of gloves (worn)
 g - a +0 cloak (worn)
 l - a +0 pair of boots (worn)
 u - a +0 kite shield (worn)
 C - a +0 plate armour (worn)
Jewellery
 E - a ring of positive energy
Wands
 b - a wand of flame (18)
 t - a wand of paralysis (17)
Scrolls
 e - 2 scrolls of immolation {unknown}
 h - a scroll of fog {unknown}
 k - 6 scrolls of identify {unknown}
 m - 2 scrolls of noise {unknown}
 p - 2 scrolls of teleportation {unknown}
 x - a scroll of revelation {unknown}
 y - a scroll of poison {unknown}
 z - 3 scrolls of vulnerability {unknown}
 D - a scroll of silence {unknown}
 F - a scroll of fear {unknown}
 H - a scroll of enchant weapon {unknown}
Potions
 d - 2 potions of might
 f - 4 potions of mutation {unknown}
 i - 2 potions of haste {unknown}
 j - 2 potions of heal wounds {unknown}
 n - 4 potions of ambrosia {unknown}
 q - 2 potions of brilliance {unknown}
 r - a potion of invisibility {unknown}
 s - 2 potions of degeneration {unknown}
 v - a potion of attraction {unknown}
 w - a potion of lignification {unknown}
 A - 2 potions of curing {unknown}
 B - a potion of berserk rage
 G - a potion of resistance {unknown}


   Skills:
 + Level 5.7 Fighting
 - Level 16.0 Axes
 + Level 5.7 Armour
 + Level 5.6 Shields
 + Level 1.9 Invocations


You had 9 spell levels left.
You didn't know any spells.
Your spell library contained the following spells:

 Spells                   Type           Power      Damage    Failure   Level
 Apportation              Tloc           0%         N/A       100%        1
 Freeze                   Ice            0%         1d3       100%        1
 Ensorcelled Hibernation  Hex/Ice        0%         N/A       100%        2
 Jinxbite                 Hex            0%         N/A       100%        2
 Lesser Beckoning         Tloc           0%         N/A       100%        2
 Dazzling Flash           Conj/Hex       0%         N/A       100%        3
 Frozen Ramparts          Ice            0%         1d1       100%        3
 Fugue of the Fallen      Necr           0%         N/A       100%        3
 Gell's Gravitas          Tloc           0%         N/A       100%        3
 Hailstorm                Conj/Ice       0%         3d5       100%        3
 Passwall                 Erth           0%         N/A       100%        3
 Swiftness                Air            0%         N/A       100%        3
 Teleport Other           Tloc           0%         N/A       100%        3
 Volatile Blastmotes      Fire/Tloc      0%         2d10      100%        3
 Anguish                  Hex/Necr       0%         N/A       100%        4
 Alistair's Intoxication  Alch           0%         N/A       100%        5
 Starburst                Conj/Fire      0%         6d3       100%        6
 Maxwell's Capacitive Co  Air            0%         ∞         100%        8
 Chain Lightning          Conj/Air       0%         N/A       100%        9
 Fire Storm               Conj/Fire      0%         5d1       100%        9
 Shatter                  Erth           0%         3d5*      100%        9


Dungeon Overview and Level Annotations

Branches:
Dungeon (9/15)             Temple (1/1) D:4            Lair (0/5) D:8
    Orc (0/2) D:9           Sewer (visited)

Altars:
Ashenzari
Cheibriados
Dithmenos
Elyvilon
Fedhas
Gozag
Hepliaklqana
Makhleb
Nemelex Xobeh
Okawaru
Qazlal
Ru
Sif Muna
Trog
Uskayaw
Vehumet
Wu Jian
Yredelemnul
Zin

Shops:
D:1 [   D:5 (   D:6 :

Annotations:
D:6 1 runed translucent door


Innate Abilities, Weirdness & Mutations

You have a pair of horns on your head.
You reflexively headbutt those who attack you in melee.


Message History

You kill the orc!
Okawaru accepts your kill.
You barely miss something. You closely miss something.
A steam dragon comes into view.
Something hits you but does no damage. You block the orc's attack.
Items here: $ ))) [[ ††.
An orc priest comes into view. It is wielding a +0 club.
The steam dragon hisses angrily.
The orc priest shouts!
The steam dragon breathes steam at you.
The ball of steam hits the orc!!
The orc dies!
The ball of steam hits you!
You hear a shout! x3
You slash the orc!
You kill the orc!
Okawaru accepts your kill.
You hit something. x2
You are engulfed in a cloud of scalding steam.
The orc priest invokes the aid of Beogh against you.
Beogh smites you! Something hits you.
You are engulfed in a cloud of scalding steam.
* * * LOW HITPOINT WARNING * * *
Something hits you but does no damage.
Reactivating autopickup.
You feel a bit more experienced.
The orc priest invokes the aid of Beogh against you.
Pain shoots through your body!
* * * LOW HITPOINT WARNING * * *
The orc priest mumbles some strange prayers to Beogh against you.
Beogh smites you!
* * * LOW HITPOINT WARNING * * *
The orc priest mumbles some strange prayers to Beogh against you.
Pain shoots through your body!
* * * LOW HITPOINT WARNING * * *
The steam dragon breathes steam at you. The ball of steam misses you.
A magic dart appears from out of thin air!
Deactivating autopickup; reactivate with Ctrl-A.
The magic dart hits you!
You die...

#####)##.....###..###
......##.##...#.....
#####.........#.#.#
#.#####.......# #..
####..### #... #...#
..... #..<# ......
#...# . #.......
#..@######..
#......####..§.(......
.......§(........
.......D{.o......
......oo........#
.#####..)#####..#
#.).)..D....
##$..####.### #))$.#


You could see a steam dragon (catching breath), an orc priest and 2 orcs.

Vanquished Creatures
  A two-headed ogre (D:8)
  A troll (D:9)
  Sigmund (D:5)
  A steam dragon (D:7)
  2 water moccasins
  2 ice beasts (D:6)
  Pargi (Sewer)
  2 orc warriors
  5 ogres
  3 centaurs
  A brain worm (Sewer)
  6 kobold brigands
  5 bullfrogs
  Blork the orc (D:5)
  3 scorpions
  A wight (D:6)
  5 killer bees (D:9)
  4 bombardier beetles
  2 hounds
  3 jellies
  6 orc priests
  A gnoll bouda (D:5)
  5 iguanas
  2 sleepcaps
  4 orc wizards
  A human skeleton (D:6)
  11 gnolls
  7 adders
  A shadow imp (D:8)
  2 ufetubi (D:5)
  7 dart slugs
  2 ribbon worms
  47 orcs
  2 endoplasms
  5 giant cockroaches
  4 goblins
  8 hobgoblins
  10 jackals
  35 kobolds
  7 quokkas
  4 ball pythons
  11 bats
  5 frilled lizards
  A jackal skeleton (D:6)
  18 rats
256 creatures vanquished.

Vanquished Creatures (others)
  An orc wizard (D:9)
  A gnoll (D:7)
  An orc (D:9)
3 creatures vanquished.

Grand Total: 259 creatures vanquished

Notes
Turn   | Place    | Note
-------+----------+-------------------------------------------
     0 | D:1      | Gynju the Minotaur Fighter began the quest for the Orb.
     0 | D:1      | Reached XP level 1. HP: 19/19 MP: 0/0
    45 | D:1      | Reached skill level 3 in Axes
    97 | D:1      | Reached XP level 2. HP: 26/26 MP: 1/1
   333 | D:1      | Found Cockup's Armour Boutique.
   336 | D:1      | Reached skill level 4 in Axes
   620 | D:1      | Reached XP level 3. HP: 31/31 MP: 2/2
   803 | D:1      | Found a faded altar of an unknown god.
  1110 | D:2      | Reached skill level 5 in Axes
  1168 | D:2      | Identified the orb of Eternal Vigilance {light, Str+3
                  | Int+4}
  1393 | D:2      | Reached XP level 4. HP: 39/39 MP: 3/3
  2036 | D:3      | Noticed an ogre
  2042 | D:3      | Killed an ogre
  2043 | D:3      | Reached skill level 6 in Axes
  2043 | D:3      | Reached XP level 5. HP: 45/45 MP: 4/4
  2119 | D:3      | Reached skill level 7 in Axes
  2333 | D:3      | Found an ornate altar of the Wu Jian Council.
  2333 | D:3      | Found a sparkling altar of Nemelex Xobeh.
  2656 | D:4      | Found a broken altar of Ashenzari.
  2717 | D:4      | Reached XP level 6. HP: 51/51 MP: 5/5
  2722 | D:4      | Found a staircase to the Ecumenical Temple.
  2728 | D:4      | Reached skill level 8 in Axes
  2738 | Temple   | Entered the Ecumenical Temple
  2747 | Temple   | Became a worshipper of Warmaster Okawaru
  2886 | D:4      | Found a sacrificial altar of Ru.
  3071 | D:4      | Reached skill level 9 in Axes
  3071 | D:4      | Reached XP level 7. HP: 57/57 MP: 6/6
  3187 | D:4      | You fall into a shaft and drop 3 floors!
  3253 | D:6      | Reached * piety under Okawaru
  3254 | D:6      | Reached skill level 10 in Axes
  3315 | D:6      | Found a runed translucent door.
  3315 | D:6      | Noticed a human
  3318 | D:6      | Found a basalt altar of Yredelemnul.
  3508 | D:6      | Found Tawyu's Tremendous Tomes.
  3511 | D:6      | Reached skill level 11 in Axes
  3584 | D:6      | Found a hide-covered altar of Uskayaw.
  3663 | D:6      | Found a glowing drain.
  3671 | Sewer    | Entered a sewer
  3699 | Sewer    | Reached XP level 8. HP: 63/64 MP: 7/7
  3703 | Sewer    | Noticed Pargi
  3711 | Sewer    | Killed Pargi
  3826 | D:5      | Entered Level 5 of the Dungeon
  3845 | D:5      | Reached skill level 12 in Axes
  4483 | D:5      | Reached skill level 13 in Axes
  4485 | D:5      | Reached ** piety under Okawaru
  4518 | D:5      | Noticed Blork the orc
  4529 | D:5      | Killed Blork the orc
  4646 | D:5      | Found Haihoipsoj's Hydra Hut.
  4647 | D:5      | Noticed an eight-headed hydra
  4995 | D:5      | Noticed Sigmund
  5005 | D:5      | Killed Sigmund
  5006 | D:5      | Reached skill level 14 in Axes
  5006 | D:5      | Reached XP level 9. HP: 61/70 MP: 8/8
  5161 | D:6      | Found a stormy altar of Qazlal.
  5762 | D:7      | Found a glowing silver altar of Zin.
  5785 | D:7      | Reached skill level 15 in Axes
  6315 | D:8      | Reached *** piety under Okawaru
  6429 | D:8      | Reached skill level 16 in Axes
  6490 | D:8      | Found a staircase to the Lair.
  6508 | D:8      | Found a snail-covered altar of Cheibriados.
  6884 | D:8      | Noticed a two-headed ogre
  6891 | D:8      | Killed a two-headed ogre
  6891 | D:8      | Reached **** piety under Okawaru
  6892 | D:8      | Reached skill level 5 in Fighting
  6892 | D:8      | Reached skill level 5 in Armour
  6892 | D:8      | Reached skill level 5 in Shields
  6892 | D:8      | Reached XP level 10. HP: 53/81 MP: 9/9
  7342 | D:9      | Reached skill level 1 in Invocations
  7584 | D:9      | Identified the +0 robe of Faelior {rPois rF++ Str-2 Stlth+}
  7605 | D:9      | Found a staircase to the Orcish Mines.
  7626 | D:9      | HP: 1/83 [orc priest/nerve-wracking pain (10)]
  7627 | D:9      | Killed from afar by an orc wizard

Illustrated notes

Levels and vault maps discovered:
D:1:      roderic_chinese_lattice_arrival, layout_loops_corners, serial_shops,
          shop, hellmonk_ecumenical_altar_heavens_door, minmay_tripent
D:2:      layout_basic
D:3:      layout_loops_cross, chequers_temple_overflow_statue_of_worship,
          minmay_randomly_rotated_circles
D:4:      cheibrodos_barr_body, layout_basic, nicolae_ru_path_of_blood,
          mainiacjoe_overflow_alcove_4, minmay_temple_entry_mini_moons
D:5:      layout_gridville, doesnt_shop_hydraphobe, uniq_sigmund,
          uniq_blork_the_orc
D:6:      layout_basic, dk_yredelemnul_ordeal, grunt_qazlal_sundering,
          mainiacjoe_overflow_small_starburst, portal_sewer_entry_e,
          nicolae_shop_i_like_big_books, minmay_starry_boxes
D:7:      layout_gridville, zin_academy
D:8:      layout_basic, mainiacjoe_overflow_catwalk, lair_entry_dummy
D:9:      layout_loops_cross, lemuel_doored_altar, tso_metal_star,
          hiddenorc2_lemuel, uniq_maggie
Temple:   nicolae_temple_ecumenical_triangle

Skill      XL: |  1  2  3  4  5  6  7  8  9 10 |
---------------+-------------------------------+-----
Axes           | 3 4 5 6 7 9 11 14 16 | 16.0
Fighting       | 5 |  5.7
Armour         | 5 |  5.7
Shields        | 5 |  5.6
Invocations    | 1 |  1.9

Action                     |  1- 3 |  4- 6 |  7- 9 | 10-12 || total
---------------------------+-------+-------+-------+-------++-------
  Melee: War axe           |    84 |    86 |   228 |   118 ||   516
         Headbutt          |    11 |    12 |    59 |    15 ||    97
 Invoke: Heroism           |       |       |     1 |       ||     1
 Armour: Scale mail        |    42 |    56 |    97 |       ||   195
         Plate armour      |       |       |    79 |   105 ||   184
  Dodge: Dodged            |    42 |    37 |    95 |    33 ||   207
  Block: Buckler           |    19 |       |       |       ||    19
         Kite shield       |       |       |       |    39 ||    39

Table legend: (Time is in decaauts)
 A = Elapsed time spent in this place.
 B = Non-inter-level travel time spent in this place.
 C = Inter-level travel time spent in this place.
 D = Time resting spent in this place.
 E = Time spent auto-exploring this place.
 F = Levels seen in this place.
 G = Mean time per level.
                   A        B        C        D        E       F      G
               +--------+--------+--------+--------+--------+-----+--------+
         Total |   7608 |   7167 |    441 |      0 |   5942 |  11 |  691.6 |
       Dungeon |   7492 |   7057 |    435 |      0 |   5879 |   9 |  832.4 |
        Temple |     19 |     13 |      6 |      0 |      0 |   1 |   19.0 |
         Sewer |     97 |     97 |      0 |      0 |     63 |   1 |   97.0 |
               +--------+--------+--------+--------+--------+-----+--------+

Top non-repeatable levels by time:
     D:5: 1038 daAuts
     D:1: 947 daAuts
     D:4: 901 daAuts
     D:6: 884 daAuts
     D:7: 853 daAuts
     D:2: 824 daAuts
     D:8: 795 daAuts
     D:3: 738 daAuts
     D:9: 509 daAuts
   Sewer: 97 daAuts
  Temple: 19 daAuts
